 Dungeon Crawl Stone Soup version 0.18.1-2-ga659475 (webtiles) character file.

100 Chaotic the Cudgeler (level 4, -16/41 HPs)
             Began as a Minotaur Berserker on May 7, 2016.
             Was a Believer of Trog.
             Demolished by an ogre
             ... wielding a +0 giant club
              (27 damage)
             ... on level 3 of the Dungeon.
             The game lasted 00:05:51 (1948 turns).

Chaotic the Cudgeler (Minotaur Berserker)           Turns: 1948, Time: 00:05:52

Health: -16/41     AC:  9    Str: 21    XL:     4   Next: 46%
Magic:  3/3        EV:  8    Int:  4    God:    Trog [**....]
Gold:   89         SH:  0    Dex: 11    Spells: 0 memorised, 3 levels left

rFire  . . .     SeeInvis .     a - +0 mace
rCold  . . .     Gourm    .     g - +0 chain mail
rNeg   . . .     Faith    .     (no shield)
rPois  .         Spirit   .     (helmet restricted)
rElec  .         Dismiss  .     (no cloak)
rCorr  .         Reflect  .     (no gloves)
SustAt .         Harm     .     (no boots)
MR     .....                    (no amulet)
Stlth  ..........               (no ring)
                                (no ring)

@: not resistant to hostile enchantments, extremely unstealthy
A: retaliatory headbutt, horns 2
a: Berserk, Trog's Hand, Burn Spellbooks, Renounce Religion


You were on level 3 of the Dungeon.
You worshipped Trog.
Trog was pleased with you.
You were not hungry.

You visited 1 branch of the dungeon, and saw 3 of its levels.

You collected 89 gold pieces.

Inventory:

Hand Weapons
 a - a +0 mace (weapon)
Armour
 b - a +0 animal skin
 g - a +0 chain mail (worn)
Jewellery
 s - a +2 ring of dexterity {unknown}
Wands
 v - a wand of disintegration (21/24)
Scrolls
 e - 2 scrolls of identify {unknown}
 f - a scroll of remove curse {unknown}
 j - a scroll of enchant weapon {unknown}
 k - a scroll of fog {unknown}
 l - a scroll of recharging {unknown}
 n - 3 scrolls of amnesia {unknown}
 p - a scroll of noise {unknown}
 t - a scroll of enchant armour {unknown}
Potions
 d - a potion of flight {unknown}
 i - a potion of mutation {unknown}
 o - a potion of curing {unknown}
 u - a potion of degeneration {unknown}
 w - a potion of heal wounds {unknown}
Comestibles
 c - 3 bread rations
 h - a beef jerky
 m - 2 fruits
 q - a meat ration
 r - a chunk of flesh


   Skills:
 + Level 4.4 Fighting
 + Level 5.4 Maces & Flails
 + Level 3.2 Armour
 - Level 2.1 Dodging


You had 3 spell levels left.
You didn't know any spells.

Dungeon Overview and Level Annotations

Branches:
Dungeon (3/15)

Altars:
Ashenzari
Dithmenos
Elyvilon


Innate Abilities, Weirdness & Mutations

You reflexively headbutt those who attack you in melee.
You have a pair of horns on your head.


Message History

You see here 16 sling bullets.
The ogre hits you with a giant club!
An ogre is nearby!
You barely miss the ogre. The ogre hits you with a giant club!
* * * LOW HITPOINT WARNING * * *
You are too injured to fight recklessly!
An ogre is nearby!
You are too injured to fight recklessly!
You are too injured to fight recklessly!
An ogre is nearby!
You are too injured to fight recklessly!
You are too injured to fight recklessly!
You hit the ogre.
The ogre is moderately wounded.
The ogre closely misses you. You furiously retaliate!
You headbutt the ogre. You hit the ogre.
The ogre is moderately wounded.
The ogre hits you with a giant club!!
Ouch! That really hurt!
You die...

....... #... ...##.. ##.....
#..... ....? ## ....... ....
.. #.#####. ... .. ........#.
.. #.# .# #.... #..#
...####.###..####....###..
.........@O..........#....
..#...(..................
####.####.............. ##.#
...#####...... #..# #.##
#...... ##.## ... #......
########..# #.####......
#......>..# ##...........
#.........#######....##......


You could see an ogre.

Vanquished Creatures
  6 adders (D:2)
  2 worms (D:2)
  2 giant geckos (D:1)
  An orc (D:3)
  8 bats
  A giant cockroach (D:1)
  3 goblins (D:1)
  2 hobgoblins
  A quokka (D:2)
  3 giant newts
  3 kobolds
  9 rats
41 creatures vanquished.

Notes
Turn   | Place    | Note
--------------------------------------------------------------
     0 | D:1      | Chaotic the Minotaur Berserker began the quest for the Orb.
     0 | D:1      | Reached XP level 1. HP: 19/19 MP: 0/0
    52 | D:1      | Reached skill level 4 in Maces & Flails
    86 | D:1      | Reached XP level 2. HP: 25/26 MP: 1/1
   585 | D:2      | Reached XP level 3. HP: 20/33 MP: 2/2
  1052 | D:2      | Reached skill level 5 in Maces & Flails
  1279 | D:2      | Reached XP level 4. HP: 29/40 MP: 3/3
  1443 | D:2      | Reached ** piety under Trog
  1453 | D:2      | Found a white marble altar of Elyvilon.
  1820 | D:3      | Found a shadowy altar of Dithmenos.
  1906 | D:3      | Found a shattered altar of Ashenzari.
  1942 | D:3      | Noticed an ogre
  1948 | D:3      | Demolished by an ogre

Skill      XL: |  1  2  3 |
---------------+----------+-----
Maces & Flails | 4 5 |  5.4
Fighting       | 4 |  4.4
Armour         | 3 |  3.2
Dodging        | |  2.1

Action                   |  1- 3 |  4- 6 || total
-------------------------+-------+-------++-------
Melee: Mace              |    68 |    37 ||   105
       Headbutt          |    10 |     8 ||    18
  Eat: Chunk             |       |     3 ||     3
Armor: Animal skin       |     4 |       ||     4
       Chain mail        |    24 |    28 ||    52
Dodge: Dodged            |    35 |    17 ||    52
